 Dungeon Crawl Stone Soup version 0.27-a0-1296-g8ece459b43 (webtiles) character file.

Game seed: 5528956411252612733

38 Delamore the Magician (level 3, -4/25 HPs)
             Began as a Djinni Fire Elementalist on June 16, 2021.
             Killed by nerve-wracking pain
             ... invoked by an orc priest
              (12 damage)
             ... on level 3 of the Dungeon.
             The game lasted 00:03:47 (2082 turns).

Delamore the Magician (Djinni Fire Elementalist)    Turns: 2082, Time: 00:03:47

Health: -4/25      AC:  2    Str:  7    XL:     3   Next: 65%
Gold:   85         EV: 12    Int: 17    God:
                   SH:  0    Dex: 13

rFire    + + .     SeeInvis +   (no weapon)
rCold    x . .     Faith    .   (no shield)
rNeg     . . .     Spirit   .   a - +0 robe
rPois    ∞         Reflect  .   (no helmet)
rElec    .         Harm     .   (no cloak)
rCorr    .         Rampage  .   (no gloves)
Will     .....                  (boots unavailable)
Stlth    ++........             (no amulet)
HPRegen  0.08/turn              d - ring of see invisible
MPRegen  0.00/turn              (no ring)

@: flying, very slightly contaminated
A: sickness immunity, fire resistance 2, cold vulnerability 1, float, innate
caster, hp casting, extra vitality 1
a: no special abilities


You were on level 3 of the Dungeon.
You visited 1 branch of the dungeon, and saw 3 of its levels.

You collected 85 gold pieces.

Inventory:

Armour
 a - a +0 robe (worn)
Jewellery
 d - a ring of see invisible (left hand)
Scrolls
 e - a scroll of fog {unknown}
 f - 2 scrolls of identify {unknown}
Potions
 b - a potion of heal wounds {unknown}
 c - a potion of curing {unknown}
 g - a potion of attraction {unknown}
 h - 2 potions of mutation {unknown}


   Skills:
 + Level 2.7 Dodging
 + Level 2.1 Stealth
 * Level 3.0 Spellcasting


You couldn't memorise any spells.
You knew the following spells:

 Your Spells              Type           Power      Damage    Failure   Level
a - Foxfire               Conj/Fire      48%        2x1d6     4%          1
b - Conjure Flame         Conj/Fire      12%        6-21      16%         3
c - Inner Flame           Hex/Fire       12%        N/A       16%         3
d - Sticky Flame          Conj/Fire      12%        2d4       45%         4
e - Fireball              Conj/Fire      6%         3d5       80%         5
f - Freeze                Ice            48%        1d7       4%          1
Your spell library was empty.

Dungeon Overview and Level Annotations

Branches:
Dungeon (3/15)

Altars:
Zin

Shops:
D:1 *


Innate Abilities, Weirdness & Mutations

You are immune to sickness and miasma.
You are immune to poison.
Your flesh is very heat resistant. (rF++)
You are vulnerable to cold. (rC-)
You float through the air rather than walking.
You learn spells naturally, not from books.
Your magical power is your life essence.
You have superior vitality. (+4 HP)


Message History

The orc priest is heavily wounded.
You conjure some foxfire!
Your foxfire dissipates!
An orc wizard comes into view. It is wielding a +0 dagger.
You conjure some foxfire!
The foxfire hits the jackal.
The jackal is moderately wounded.
The foxfire hits the jackal.
The jackal is almost dead.
The foxfire hits the jackal.
You kill the jackal!
Your foxfire dissipates!
You conjure some foxfire!
The foxfire hits the jackal but does no damage.
The jackal is almost dead.
The jackal closely misses you.
You conjure some foxfire!
The jackal bites you but does no damage.
There is not enough space to conjure foxfire!
Your foxfire dissipates!
The foxfire hits the jackal but does no damage.
The jackal is almost dead.
The foxfire hits the jackal.
You kill the jackal!
You miscast Foxfire.
You are very lightly contaminated with residual magic.
Nothing appears to happen.
The foxfire hits the orc.
The orc is almost dead.
You conjure some foxfire!
An orc comes into view. It is wielding a +0 falchion.
You conjure some foxfire!
The orc hits you with a +0 short sword.
Your foxfire dissipates!
The foxfire hits the orc.
You kill the orc!
The foxfire hits the orc priest.
The orc priest is severely wounded.
The foxfire hits the orc priest.
The orc priest is severely wounded.
The orc priest begins to cast a cantrip, but forgets the words!
The orc priest invokes the aid of Beogh against you.
Pain shoots through your body!
You die...

......# o.....# #
......# . ..... #. .o.
#.######.#.####
..##....§§o.......
..........§.......
#######@########.# #.#
#.# ###.#### #.# .#
#......# #.# #.#
#......# #.# #.#
####......# #.# #.#
...........#####.###.#
#####.....>##........#
##......##........#


You could see an orc priest and an orc wizard.

Vanquished Creatures
  A worm (D:2)
  An orc (D:3)
  A ball python (D:2)
  6 endoplasms
  A giant cockroach (D:1)
  2 hobgoblins (D:2)
  4 jackals (D:3)
  2 quokkas
  4 bats (D:1)
  2 goblins
  2 kobolds (D:1)
  3 rats
29 creatures vanquished.

Vanquished Creatures (collateral kills)
  A foxfire (D:1)
1 creature vanquished.

Vanquished Creatures (others)
  129 foxfires
  4 toadstools (D:1)
133 creatures vanquished.

Grand Total: 163 creatures vanquished

Notes
Turn   | Place    | Note
-------+----------+-------------------------------------------
     0 | D:1      | Delamore the Djinni Fire Elementalist began the quest for
                  | the Orb.
     0 | D:1      | Reached XP level 1. HP: 15/15 MP: 0/0
   314 | D:1      | Found Dootuot's Assorted Antiques.
   350 | D:1      | Found a faded altar of an unknown god.
   453 | D:1      | Reached XP level 2. HP: 19/21 MP: 0/0
  1390 | D:2      | Found a glowing silver altar of Zin.
  1430 | D:2      | Reached XP level 3. HP: 23/25 MP: 0/0
  1430 | D:2      | Learned a level 1 spell: Freeze
  2071 | D:3      | Reached skill level 3 in Spellcasting
  2082 | D:3      | Killed from afar by an orc priest

Illustrated notes

Levels and vault maps discovered:
D:1:      ldierk_water_garden, layout_loops_ring, serial_shops, shop,
          shapermc_ecumenical_altar_starsandcircs, kennysheep_another_room,
          minmay_cut_off
D:2:      layout_rooms, basic_altar, grunt_decor_resistance,
          minmay_misc_feat_room
D:3:      lemuel_castle_with_subvaults [lemuel_castle_interior_carwin_3],
          layout_rooms

Skill      XL: |  1  2  3 |
---------------+----------+-----
Stealth        | 2 |  2.1
Spellcasting   | 3 |  3.0
Dodging        | |  2.7

Action                   || total
-------------------------++-------
 Cast: Foxfire           ||    83
Armor: Robe              ||     2
Dodge: Dodged            ||     4

Table legend: (Time is in decaauts)
 A = Elapsed time spent in this place.
 B = Non-inter-level travel time spent in this place.
 C = Inter-level travel time spent in this place.
 D = Time resting spent in this place.
 E = Time spent auto-exploring this place.
 F = Levels seen in this place.
 G = Mean time per level.
                   A        B        C        D        E       F      G
               +--------+--------+--------+--------+--------+-----+--------+
         Total |   2080 |   2061 |     19 |      0 |   1926 |   3 |  693.3 |
       Dungeon |   2080 |   2061 |     19 |      0 |   1926 |   3 |  693.3 |
               +--------+--------+--------+--------+--------+-----+--------+

Top non-repeatable levels by time:
     D:1: 1315 daAuts
     D:2: 722 daAuts
     D:3: 42 daAuts
